 Dungeon Crawl Stone Soup version 0.28-a0-1033-g1a2f33fa85 (webtiles) character file.

Game seed: 14054428840009423464

96 siradein the Charlatan (level 4, -2/45 HPs)
             Began as an Ogre Artificer on Dec 8, 2021.
             Slain by a gnoll (4 damage)
             ... on level 2 of the Dungeon.
             The game lasted 00:04:44 (1970 turns).

siradein the Charlatan (Ogre Artificer)             Turns: 1970, Time: 00:04:44

Health: -2/45      AC:  3    Str: 16    XL:     4   Next: 67%
Magic:  4/4        EV: 10    Int: 12    God:
Gold:   46         SH:  5    Dex: 11    Spells: 3/3 levels left

rFire   . . .      SeeInvis .   q - +0 morningstar
rCold   . . .      Faith    .   (no shield)
rNeg    . . .      Spirit   .   b - +0 robe
rPois   .          Reflect  +   (helmet restricted)
rElec   .          Harm     .   (no cloak)
rCorr   +          Rampage  .   (gloves unavailable)
Will    .....                   (boots unavailable)
Stlth   +.........              n - amulet of reflection
HPRegen 0.15/turn               i - ring of resist corrosion
MPRegen 0.09/turn               (no ring)

@: no status effects
A: large, unfitting armour, tough skin 1
a: no special abilities


You were on level 2 of the Dungeon.
You visited 1 branch of the dungeon, and saw 2 of its levels.

You collected 46 gold pieces.

Inventory:

Hand Weapons
 o - a +0 mace
 q - a +0 morningstar (weapon)
Armour
 b - a +0 robe (worn)
Jewellery
 i - a ring of resist corrosion (left hand)
 n - an amulet of reflection (around neck)
 p - a ring of fire
Wands
 c - a wand of flame (15)
 d - a wand of charming (15)
Scrolls
 a - 4 scrolls of identify {unknown}
 g - 2 scrolls of teleportation {unknown}
 h - a scroll of silence {unknown}
 j - a scroll of immolation {unknown}
 l - a scroll of enchant weapon {unknown}
Potions
 f - a potion of degeneration {unknown}
 k - a potion of ambrosia {unknown}
 m - a potion of mutation {unknown}
Miscellaneous
 e - a piece from Xom's chessboard (15/15) (quivered)


   Skills:
 + Level 3.0 Fighting
 + Level 1.6 Maces & Flails
 + Level 2.8 Dodging
 - Level 0.6 Stealth
 + Level 3.0 Evocations


You had 3 spell levels left.
You didn't know any spells.
Your spell library was empty.

Dungeon Overview and Level Annotations

Branches:
Dungeon (2/15)

Altars:

Annotations:
D:2 1 runed translucent door, Crazy Yiuf


Innate Abilities, Weirdness & Mutations

You are too large for most types of armour.
You have tough skin. (AC +1)


Message History

The gnoll hits you from afar with a +0 spear.
The gnoll hits you with a +0 spear.
The gnoll hits you from afar with a +0 spear.
You are too injured to fight recklessly!
You block the gnoll's attack. The gnoll closely misses you.
You see here an adder corpse.
You closely miss the gnoll. You block the gnoll's attack.
You puncture the gnoll!
The gnoll is severely wounded.
You block the gnoll's attack. The gnoll hits you with a +4 whip.
You sock the gnoll!
You kill the gnoll!
The gnoll hits you with a +0 flail.
Your Fighting skill increases to level 3!
Your Evocations skill increases to level 3!
You see here 14 stones.
An adder comes into view.
The adder hisses angrily.
The gnoll hits you from afar with a +0 spear.
The gnoll barely misses you.
You puncture the gnoll!
The gnoll is severely wounded.
The gnoll misses you. x2
You closely miss the gnoll.
The gnoll is severely wounded.
The gnoll hits you from afar with a +0 spear.
The adder bites you but does no damage. The gnoll hits you with a +0 spear.
* * * LOW HITPOINT WARNING * * *
You puncture the gnoll!
You kill the gnoll!
The adder barely misses you.
The gnoll hits you from afar with a +0 spear.
* * * LOW HITPOINT WARNING * * *
The adder bites you.
* * * LOW HITPOINT WARNING * * *
The gnoll closely misses you. You block the gnoll's attack.
You closely miss the adder. The adder barely misses you.
The gnoll hits you from afar with a +0 spear.
You die...

#.. # #.####.# .
#.#....#
################.#.#..#
...)....gg.g...#.#.#..#
##############.#.#.#..#
.......... #.#.#.#..#
.......# #.#S#.#..#
.......# #.#@#....#
###....#######.#g#.#.##
.......#.gg....g...#.#
###....#.#####.#.#.#.#
.......#.# #.#.#.#.#
.....g.#g# #.#.#.#.#
..#g#..#.# #.#.#.#.#
.......#g# #.#.#.#.#
.##.#.##.# #.#.#.#


You could see 2 gnolls and an adder.

Vanquished Creatures
  Jessica (D:2)
  2 gnolls (D:2)
  2 adders (D:2)
  3 bats
  7 endoplasms (D:1)
  3 giant cockroaches
  2 goblins
  2 hobgoblins (D:1)
  A quokka (D:1)
  4 ball pythons
  3 frilled lizards (D:2)
  2 kobolds (D:1)
  2 rats
34 creatures vanquished.

Notes
Turn   | Place    | Note
-------+----------+-------------------------------------------
     0 | D:1      | siradein the Ogre Artificer began the quest for the Orb.
     0 | D:1      | Reached XP level 1. HP: 19/19 MP: 1/1
   325 | D:1      | Reached XP level 2. HP: 24/28 MP: 2/2
  1061 | D:1      | Reached skill level 1 in Maces & Flails
  1061 | D:1      | Reached XP level 3. HP: 23/35 MP: 3/3
  1341 | D:2      | Found a runed translucent door.
  1342 | D:2      | Noticed Crazy Yiuf
  1408 | D:2      | Noticed Jessica
  1424 | D:2      | Killed Jessica
  1425 | D:2      | Reached XP level 4. HP: 30/44 MP: 4/4
  1969 | D:2      | HP: 2/45 [adder (4)]
  1970 | D:2      | Slain by a gnoll

Illustrated notes

Levels and vault maps discovered:
D:1:      dpeg_arrival_long_road, layout_rooms
D:2:      layout_basic, st_stairs_11, uniq_crazy_yiuf_cottage, uniq_jessica

Skill      XL: |  1  2  3  4 |
---------------+-------------+-----
Fighting       | 2 3 |  3.0
Maces & Flails | 1 |  1.6
Evocations     | 3 |  3.0
Dodging        | |  2.8
Stealth        | |  0.6

Action                   |  1- 3 |  4- 6 || total
-------------------------+-------+-------++-------
Melee: Club              |    23 |       ||    23
       Whip              |    54 |       ||    54
       Mace              |     8 |    21 ||    29
       Morningstar       |       |     9 ||     9
 Stab: Sleeping          |       |     1 ||     1
Armor: Robe              |    27 |     5 ||    32
Dodge: Dodged            |    56 |    22 ||    78
Block: Other             |       |    10 ||    10

Table legend: (Time is in decaauts)
 A = Elapsed time spent in this place.
 B = Non-inter-level travel time spent in this place.
 C = Inter-level travel time spent in this place.
 D = Time resting spent in this place.
 E = Time spent auto-exploring this place.
 F = Levels seen in this place.
 G = Mean time per level.
                   A        B        C        D        E       F      G
               +--------+--------+--------+--------+--------+-----+--------+
         Total |   1990 |   1982 |      8 |    103 |   1465 |   2 |  995.0 |
       Dungeon |   1990 |   1982 |      8 |    103 |   1465 |   2 |  995.0 |
               +--------+--------+--------+--------+--------+-----+--------+

Top non-repeatable levels by time:
     D:1: 1210 daAuts
     D:2: 780 daAuts
